[Event "Late-Titled-Tuesday-Blitz-January-30-2024"]
[Site "Chess.com"]
[Date "2024.01.30"]
[Round "4"]
[White "Alex_Sahakyan2006"]
[Black "Ajedrecista3000"]
[Result "1-0"]
[WhiteElo "2865"]
[BlackElo "2589"]
[TimeControl "180+1"]
[EndTime "14:38:50 PST"]
[Termination "Alex_Sahakyan2006 won by checkmate"]

1. e4 e5 2. Nf3 Nc6 3. Nc3 Nf6 4. d4 exd4 5. Nxd4 Bb4 6. Nxc6 bxc6 7. Bd3 O-O 8. O-O d5 9. exd5 Bg4 10. f3 Bh5 11.
dxc6 Qd4+ 12. Kh1 Bxc3 13. bxc3 Qxc3 14. Bg5 Bg6 15. Rb1 Qxc6 16. Bxg6 hxg6 17. Qe2 Rfe8 18. Qf2 a5 19. Rfe1 Nd5 20. Qd2 Nc3 21. Ra1 Rxe1+ 22. Qxe1 Re8 23. Qd2 a4 24. a3 Qc5 25. h4 Re2 26.
Qd8+ Kh7 27. Qd3 f6 28. Bf4 Qf2 29. Rg1 Rxc2 30. h5 f5 31. hxg6+ Kxg6 32. Bh2 Ne2 33.
Qd7 Nxg1 34. Qe8+ Kf6 35. Be5+ Kg5 36. f4+ Kh6 37. Qh8+ Kg6 38. Qxg7+ Kh5 39. Qg5# 1-0

[Event "Late-Titled-Tuesday-Blitz-January-30-2024"]
[Site "Chess.com"]
[Date "2024.01.30"]
[Round "4"]
[White "iamanoush"]
[Black "NoHeThTo"]
[Result "1-0"]
[WhiteElo "2491"]
[BlackElo "2638"]
[TimeControl "180+1"]
[EndTime "14:38:50 PST"]
[Termination "iamanoush won by resignation"]

1. d4 Nf6 2. c4 g6 3. Nc3 Bg7 4. e4 d6 5. Be2 O-O 6. Be3 c5 7. d5 e6 8. Nf3 exd5 9. cxd5 b5 10. e5 dxe5 11. Bxc5 e4 12. Ng5 Re8 13. Bxb5 Nfd7 14. Be3 Qa5 15. Be2 Bxc3+ 16. bxc3 Qxc3+ 17. Kf1 Ba6 18. Rc1 Qe5 19. Bxa6 Nxa6 20. Qa4 Nac5 21.
Bxc5 Nxc5 22. Rxc5 Qxg5 23. Qd4 e3 24. fxe3 Rab8 25.
d6 Qd8 26. Kf2 Re6 27. Rd1 a5 28. Kg1 a4 29. d7 a3 30. Qc3 Re7 31. Rc8 Rxd7 32. Rxd8+ Rdxd8 33. Rxd8+ Rxd8 34. Qxa3 Rd1+ 35. Kf2 Rd2+ 36. Kf3 Rc2 37. Qa8+ Kg7 38. Qa4 Rc8 39. Qd4+ Kg8 40. a4 Rc6 41. a5 Re6 42. Qc4 Rf6+ 43. Ke2 Rd6 44. a6 Rd8 45. a7 Ra8 46. Qc7 h5 47.
Qb8+ 1-0

[Event "Late-Titled-Tuesday-Blitz-January-30-2024"]
[Site "Chess.com"]
[Date "2024.01.30"]
[Round "4"]
[White "GiorgianBarbosa"]
[Black "rcmz"]
[Result "1-0"]
[WhiteElo "2460"]
[BlackElo "2135"]
[TimeControl "180+1"]
[EndTime "14:38:50 PST"]
[Termination "GiorgianBarbosa won on time"]

1. c4 d6 2. g3 Nd7 3. Bg2 c6 4.
Nc3 h6 5. e3 g5 6. Nge2 Bg7 7.
d3 Nf8 8. O-O Nf6 9. e4 e5 10. h3 Qc7 11. Be3 Ng6 12. d4 Be6 13. d5 Bd7 14. Kh2 a6 15. Rc1 c5 16. f4 gxf4 17.
gxf4 h5 18. f5 Nh4 19. Rg1 O-O-O 20. Qd2 Rdg8 21. Bh1 Bxf5 22. exf5 Nxf5 23. Bg5 Qd7 24. Rcf1 e4 25. Qf4 Ng4+ 26. hxg4 Be5 27. Qxe5 dxe5 28. gxf5 f6 29. Bh4 Rxg1 30. Kxg1 Qg7+ 31. Kf2 Qg4 32. Bg3 h4 33. Bh2 Qxf5+ 34. Ke1 Qg4 35. Bxe4 Kb8 36. Bf5 Qxc4 37. Bg1 1-0

[Event "Late-Titled-Tuesday-Blitz-January-30-2024"]
[Site "Chess.com"]
[Date "2024.01.30"]
[Round "4"]
[White "TanitoluwaAps116"]
[Black "Kacparov"]
[Result "0-1"]
[WhiteElo "2713"]
[BlackElo "2942"]
[TimeControl "180+1"]
[EndTime "14:38:53 PST"]
[Termination "Kacparov won by resignation"]

1. e4 c5 2. Nf3 e6 3. c3 d5 4. exd5 Qxd5 5. d4 Nf6 6. Na3 Nc6 7. Be3 cxd4 8. Nb5 Qd7 9. Nbxd4 a6 10.
Nxc6 Qxc6 11. Bd3 Bd6 12. Bd4 e5 13. Nxe5 Qxg2 14. Qf3 Qxf3 15. Nxf3 Bg4 16. Ng5 Bf4 17. Ne4 Bf3 18. O-O Ng4 19. Ng3 O-O-O 20. Bf5+ Kb8 21. Bxg4 Bxg4 22. Bxg7 Rhg8 23. Bd4 h5 24. f3 Bh3 25.
Rfe1 h4 26. Re4 Bg5 27. Be5+ Ka8 28. f4 Be7 29. Bd4 Bd6 30. Kf2 hxg3+ 31. hxg3 Bf5 32. Re3 Rde8 33. Rae1 Rxe3 34. Rxe3 Be6 35. b3 b5 36. Rd3 Kb7 37. Re3 Kc6 38. Kf3 Bd5+ 39. Kf2 Kd7 40. f5 Rg5 41. g4 Rxg4 42. Rd3 Kc6 43.
Be3 Rg2+ 44. Kf1 Rxa2 45. c4 bxc4 46. bxc4 Bxc4 0-1

[Event "Late-Titled-Tuesday-Blitz-January-30-2024"]
[Site "Chess.com"]
[Date "2024.01.30"]
[Round "4"]
[White "Mahan_83"]
[Black "winniethepooh04"]
[Result "1-0"]
[WhiteElo "2770"]
[BlackElo "2538"]
[TimeControl "180+1"]
[EndTime "14:38:53 PST"]
[Termination "Mahan_83 won by resignation"]

1. e4 e6 2. Nf3 d5 3. e5 c5 4. b4 cxb4 5. d4 Nc6 6. a3 b3 7. cxb3 Bd7 8. Bd3 Nge7 9. O-O Ng6 10. b4 Be7 11. g3 O-O 12. h4 Rc8 13. Be3 b6 14. Ng5 h6 15. Nxf7 Rxf7 16. Bxg6 Rf8 17. Qg4 Kh8 18. Qh5 Be8 19. Nd2 Bxg6 20. Qxg6 Qd7 21.
Rac1 a6 22. Rc2 Na7 23. Rfc1 Rxc2 24. Rxc2 Nb5 25. a4 Na3 26. Rc1 Bxb4 27. Kg2 Nc4 28. Nf3 b5 29. axb5 axb5 30. Ra1 Be7 31. Ra6 b4 32. Rxe6 b3 33. Bxh6 Bd8 34. Bxg7+ Qxg7 35. Qh5+ Kg8 36. Rg6 b2 37. Qg4 b1=Q 38. Rxg7+ Kh8 39.
Rg6 Rf7 40. Qe6 Rf8 41. Rh6+ Kg7 42. h5 Qe4 43. Rg6+ Kh7 44. Qd7+ 1-0

[Event "Late-Titled-Tuesday-Blitz-January-30-2024"]
[Site "Chess.com"]
[Date "2024.01.30"]
[Round "4"]
[White "Matalon"]
[Black "crazy_but_lazy"]
[Result "0-1"]
[WhiteElo "2404"]
[BlackElo "2629"]
[TimeControl "180+1"]
[EndTime "14:38:55 PST"]
[Termination "crazy_but_lazy won on time"]

1. e4 c5 2. Nf3 d6 3. d4 cxd4 4. Nxd4 Nf6 5. Nc3 a6 6. Bg5 e6 7.
f4 Be7 8. Qf3 Qc7 9. O-O-O Nbd7 10. Bd3 b5 11. Rhe1 Bb7 12. Nd5 exd5 13. Nf5 dxe4 14.
Bxe4 Bxe4 15. Rxe4 Nxe4 16. Qxe4 O-O 17. Nxe7+ Kh8 18.
Rd3 f5 19. Qd5 Nf6 20. Bxf6 gxf6 21. Nxf5 Rae8 22. Nxd6 Re2 23. Rc3 Qe7 24. b3 b4 25.
Rg3 Qc7 26. c4 bxc3 27. Qd4 c2 28. Nc4 Qe7 29. Re3 Rxe3 30. Nxe3 Qa3+ 31. Kxc2 Qxa2+ 32.
Kd3 Qa5 33. Nc4 Qc7 34. Nd6 Qc6 35. Ne4 Qe6 36. f5 Qxb3+ 37. Ke2 Qf7 38. g4 Kg8 0-1

[Event "Late-Titled-Tuesday-Blitz-January-30-2024"]
[Site "Chess.com"]
[Date "2024.01.30"]
[Round "4"]
[White "Polish_fighter3000"]
[Black "vladislavkovalev"]
[Result "0-1"]
[WhiteElo "3034"]
[BlackElo "2883"]
[TimeControl "180+1"]
[EndTime "14:38:59 PST"]
[Termination "vladislavkovalev won on time"]

1. d4 Nf6 2. Bg5 d5 3. Bxf6 exf6 4. e3 c5 5. Nf3 Nc6 6. c3 Be6 7. dxc5 Bxc5 8. Nbd2 O-O 9. Nb3 Bb6 10. g3 Re8 11. Bg2 a6 12. O-O Qe7 13. Nbd4 Ne5 14. Qb3 Bc5 15.
a4 Rad8 16. Rfd1 Bg4 17. Rd2 Nc4 18. Re2 Bxd4 19. cxd4 Qd7 20. Rc2 Rc8 21. Rac1 Bf5 22. Rc3 Be4 23. Qa2 g6 24. b3 Nd6 25. Qa3 h5 26. Rxc8 Rxc8 27. Rxc8+ Nxc8 28. Qc5 b6 29. Qc3 Nd6 30. Nd2 Bxg2 31. Kxg2 h4 32. f3 h3+ 33. Kf2 g5 34. Ke2 g4 35. f4 Qf5 36. Qd3 Qc8 37. Kd1 a5 38. e4 dxe4 39. Nxe4 Qf5 40. Nf2 Qxd3+ 41. Nxd3 Nf5 0-1

[Event "Late-Titled-Tuesday-Blitz-January-30-2024"]
[Site "Chess.com"]
[Date "2024.01.30"]
[Round "4"]
[White "SchmakAttack"]
[Black "guillembaches"]
[Result "1-0"]
[WhiteElo "2747"]
[BlackElo "2540"]
[TimeControl "180+1"]
[EndTime "14:38:59 PST"]
[Termination "SchmakAttack won on time"]

1. b3 d5 2. Bb2 Bf5 3. g3 e6 4.
Bg2 Nf6 5. f4 Nbd7 6. e3 h6 7.
d3 a5 8. a3 c6 9. Nd2 Bc5 10.
Qe2 Qb6 11. e4 Bh7 12. Ngf3 dxe4 13. dxe4 Qa6 14. Ne5 Qxe2+ 15. Kxe2 Nxe5 16. Bxe5 O-O-O 17. b4 Bd4 18. Bxd4 Rxd4 19. Nb3 Rc4 20. Kd3 b5 21. Rhc1 Rd8+ 22. Ke2 Nxe4 23. Nxa5 Rd2+ 24. Kf1 Rcxc2 25. Rxc2 Rxc2 26. Rd1 Kc7 27. Rd4 Nd2+ 28. Kg1 Bf5 29. Bxc6 Nb3 30. Rd7+ Kc8 31. Nxb3 Rxc6 32. Rxf7 Bh3 33.
Nc5 Rd6 34. Kf2 Rd2+ 35. Kf3 g5 36. Rf6 g4+ 37. Ke3 Rxh2 38. Rxh6 Rg2 39. Ne4 Ra2 40. Rxe6 Rxa3+ 41. Kd4 Bg2 42. f5 Bxe4 43. Rxe4 Rxg3 44.
f6 Kd7 45. Ke5 Rf3 46. Rxg4 Rf1 47. Rd4+ Ke8 48. Rd6 Kf7 49. Rb6 Re1+ 50. Kd5 Rd1+ 51. Kc5 Rc1+ 52. Kxb5 1-0

[Event "Late-Titled-Tuesday-Blitz-January-30-2024"]
[Site "Chess.com"]
[Date "2024.01.30"]
[Round "4"]
[White "Jagerrmeisterr"]
[Black "Talcrifice"]
[Result "0-1"]
[WhiteElo "2706"]
[BlackElo "2552"]
[TimeControl "180+1"]
[EndTime "14:38:59 PST"]
[Termination "Talcrifice won on time"]

1. e4 e5 2. Nf3 Nc6 3. c3 d5 4.
Qa4 f6 5. d3 Be6 6. Nbd2 Ne7 7.
b4 a6 8. Qc2 g6 9. Be2 Bg7 10.
O-O O-O 11. Rb1 Qd7 12. a4 g5 13. Ba3 Rf7 14. Rfd1 Ng6 15. g3 g4 16. Ne1 f5 17.
exd5 Bxd5 18. b5 axb5 19. Rxb5 b6 20. Bf1 Rd8 21. Rbb1 Nce7 22. Nc4 f4 23. Bxe7 Rxe7 24. Bg2 f3 25. Bf1 Qf5 26. Ne3 Qf7 27. Nxd5 Qxd5 28. Rb4 h5 29. Re4 Nh8 30. d4 Nf7 31. c4 Qd7 32. d5 Ng5 33. Bd3 Ra8 34. c5 bxc5 35.
Bb5 Qd6 36. Qc4 Nxe4 37. Qxe4 Rf8 38. Nc2 Qf6 39. Ne3 Bh6 40. Nc4 Qf5 41. Re1 Qxe4 42.
Rxe4 Bg7 43. h3 gxh3 44. Kh2 Kh7 45. Kxh3 Kg6 46. a5 Ra8 47. a6 Kf5 48. Nd2 Bh6 49.
Bd3 Bxd2 50. Rf4+ Kg5 51. Rf5+ Kh6 52. Rf6+ Kg7 53. Rg6+ Kf7 0-1

[Event "Late-Titled-Tuesday-Blitz-January-30-2024"]
[Site "Chess.com"]
[Date "2024.01.30"]
[Round "4"]
[White "Rikikits"]
[Black "wadsy27"]
[Result "1-0"]
[WhiteElo "2835"]
[BlackElo "2624"]
[TimeControl "180+1"]
[EndTime "14:39:00 PST"]
[Termination "Rikikits won on time"]

1. d4 Nf6 2. c4 c5 3. d5 e6 4. Nc3 exd5 5. cxd5 d6 6. Nf3 g6 7. Nd2 Nbd7 8. e4 Bg7 9. Be2 O-O 10. O-O a6 11. a4 Re8 12. Re1 g5 13. Ra3 Ne5 14.
Nf1 h6 15. Ng3 Bd7 16. a5 b5 17. axb6 Qxb6 18. Rb3 Qa7 19. h3 Reb8 20. Ra3 a5 21. Qc2 Rb4 22. f4 gxf4 23. Bxf4 Rab8 24. Bc1 c4+ 25.
Kh2 h5 26. Rf1 h4 27. Nf5 Bxf5 28. Rxf5 Qd4 29. Qd1 Qxd1 30. Bxd1 Nd3 31. Bg5 Nh7 32.
Bxh4 Rxb2 33. Bh5 Rc2 34. Nd1 c3 35. Bxf7+ Kh8 36. Bg3 Rc1 37. Nxc3 Rxc3 38. Rxc3 Bxc3 39. Bxd6 Ra8 40. e5 a4 41. e6 a3 42. Bxa3 Rxa3 43. e7 Ra8 44. e8=Q+ Rxe8 45. Bxe8 Be5+ 46. Kg1 Nf6 47. Bb5 Bd4+ 48. Kf1 Nc5 49. d6 Kg7 50. g4 Ne6 51. d7 Bb6 52. Kg2 Bd8 53. Re5 Nf8 54. Re8 1-0

[Event "Late-Titled-Tuesday-Blitz-January-30-2024"]
[Site "Chess.com"]
[Date "2024.01.30"]
[Round "4"]
[White "traviscottofficial"]
[Black "MrTattaglia"]
[Result "0-1"]
[WhiteElo "2608"]
[BlackElo "2962"]
[TimeControl "180+1"]
[EndTime "14:39:00 PST"]
[Termination "MrTattaglia won by resignation"]

1. e4 c5 2. Nf3 a6 3. Nc3 b5 4. d4 cxd4 5. Nxd4 g6 6. Bd3 Bg7 7. Nde2 Bb7 8. O-O Nc6 9. Rb1 d6 10. b3 Nf6 11. Bb2 O-O 12. Qd2 Rc8 13. a4 Qb6 14.
axb5 axb5 15. Nxb5 Nxe4 16. Bxe4 Bxb2 17. Nxd6 Rcd8 18.
Rxb2 Rxd6 19. Qe3 Qc7 20. Qc5 Rfd8 21. b4 Qd7 22. b5 Nd4 23. Nxd4 Bxe4 24. c3 Rc8 25.
Qb4 Bb7 26. Re1 h5 27. h3 Bd5 28. Rbe2 e6 29. Rd2 Bb7 30. Red1 Rd5 31. Qb3 Qc7 32.
Ne2 Qe5 33. Rxd5 Bxd5 34. Qb2 Qe4 35. f3 Qe3+ 36. Kh1 h4 37. Qd2 Qc5 38. Nf4 Bc4 39. Qe1 g5 40. Nh5 Bxb5 41. Nf6+ Kg7 42. Ne4 Qe5 43. Nd6 Qxe1+ 44. Rxe1 Rc5 45. Ne4 Re5 46. Rd1 Bc6 47. Rd4 Bxe4 48. fxe4 Rc5 49. Rd3 Kf6 50.
Rf3+ Ke7 51. Kg1 Rc4 52. Re3 Kd6 53. Rf3 Rc7 54. Kf2 Ke5 55. Re3 Rc4 56. Kf3 f6 57.
Rd3 Rxe4 58. Re3 Rxe3+ 59. Kxe3 Kd5 60. Kd3 f5 61. c4+ Kc5 62. Kc3 e5 63. Kd3 e4+ 64. Kc3 f4 0-1

[Event "Late-Titled-Tuesday-Blitz-January-30-2024"]
[Site "Chess.com"]
[Date "2024.01.30"]
[Round "4"]
[White "RantomOpening"]
[Black "Quattroporte300"]
[Result "0-1"]
[WhiteElo "2527"]
[BlackElo "2388"]
[TimeControl "180+1"]
[EndTime "14:39:02 PST"]
[Termination "Quattroporte300 won by resignation"]

1. e4 c5 2. c3 d5 3. exd5 Qxd5 4. Nf3 Nf6 5. d4 e6 6. Na3 Nc6 7. Be2 Be7 8. O-O O-O 9. Be3 Rd8 10.
Nc2 b6 11. dxc5 Bxc5 12. Bxc5 Qxc5 13. Qc1 Bb7 14. Qe3 Qxe3 15. Nxe3 Nd5 16. Nxd5 Rxd5 17. Rad1 Rad8 18. Rxd5 Rxd5 19. Rd1 Rxd1+ 20. Bxd1 f6 21. Kf1 e5 22. Bb3+ Kf8 23. Bd5 Ke7 24. Ke2 Kd6 25. Bg8 h6 26. Nh4 Ne7 27. Bc4 g5 28. Nf3 f5 29. g3 Nd5 30. Ne1 e4 31. Nc2 f4 32.
Nd4 Ke5 33. a3 a6 34. Nc2 Bc8 35. Nd4 b5 36. Nc6+ Kd6 37. Bxd5 Bg4+ 38. Kd2 Kxd5 39.
Nb4+ Kc4 40. Nc6 Kb3 41. Kc1 e3 42. fxe3 f3 43. Kb1 f2 44. Na5+ Ka4 45. Nb7 f1=Q+ 46.
Ka2 Be6+ 47. c4 Bxc4+ 0-1

[Event "Late-Titled-Tuesday-Blitz-January-30-2024"]
[Site "Chess.com"]
[Date "2024.01.30"]
[Round "4"]
[White "ACollins05"]
[Black "nikitadovbnya2008"]
[Result "0-1"]
[WhiteElo "2445"]
[BlackElo "2157"]
[TimeControl "180+1"]
[EndTime "14:39:02 PST"]
[Termination "nikitadovbnya2008 won by resignation"]

1. d4 Nf6 2. c4 e6 3. Nf3 Bb4+ 4. Nbd2 O-O 5. a3 Bxd2+ 6. Qxd2 b6 7. b4 Bb7 8. Bb2 d6 9. e3 Nbd7 10. Be2 a5 11. O-O Qe7 12. Rfc1 Ne4 13. Qc2 c5 14. Bd3 f5 15. b5 Rae8 16. Nd2 Qh4 17. g3 Qg4 18. f3 Qg5 19. Nf1 Nef6 20. Qf2 Qh5 21. Nd2 e5 22. d5 e4 23. Be2 exf3 24. Bxf3 Qh6 25. Re1 Ne5 26. Bxe5 Rxe5 27. Re2 Ng4 28. Bxg4 fxg4 29. Qe1 Bc8 30. Rc1 Bf5 31. Rc3 Be4 32. Nxe4 Rxe4 33. Rf2 Rfe8 34. Re2 a4 35. Qd2 Qg5 36.
Qd3 h5 37. Qd2 h4 38. Qe1 h3 39. Qf2 Rf8 40. Qe1 Rf3 41. Qc1 Qf6 42. Qe1 Qe5 43.
Qd2 Rxg3+ 44. hxg3 Qxg3+ 45. Kf1 Qf3+ 46. Rf2 h2 47.
Rxf3 h1=Q+ 48. Kf2 Qxf3+ 49. Ke1 g3 50. Qe2 Qh1+ 51. Kd2 g2 52. Qf3 g1=Q 53. Qxh1 Qxh1 0-1

[Event "Late-Titled-Tuesday-Blitz-January-30-2024"]
[Site "Chess.com"]
[Date "2024.01.30"]
[Round "4"]
[White "Firouzja2003"]
[Black "Hrant_ChessMood"]
[Result "1-0"]
[WhiteElo "3144"]
[BlackElo "2904"]
[TimeControl "180+1"]
[EndTime "14:39:03 PST"]
[Termination "Firouzja2003 won on time"]

1. d4 d5 2. Nf3 Nf6 3. c4 e6 4. Nc3 Be7 5. e3 O-O 6. Bd2 c5 7. cxd5 cxd4 8. Nxd4 Nxd5 9. Be2 Nxc3 10. Bxc3 Bd7 11.
Bf3 Qb6 12. Rc1 Rd8 13. O-O Nc6 14. Bxc6 Bxc6 15. Qg4 Bf8 16. Nxc6 bxc6 17. h4 Qb5 18. h5 Qf5 19. Qxf5 exf5 20. Rfd1 f6 21. h6 Rxd1+ 22. Rxd1 g6 23. Bxf6 Bxh6 24. Rd7 c5 25. a4 a6 26. Bc3 Bf8 27. Kf1 Re8 28. Ra7 Re6 29. Ke2 f4 30. Kd3 fxe3 31. fxe3 h5 32. e4 c4+ 33. Kd4 g5 34. e5 g4 35. Kd5 Re8 36.
Rxa6 Kh7 37. Rc6 Bh6 38. Rxc4 Kg6 39. Rc6+ Kh7 40. a5 h4 41. Rc4 Rg8 42. a6 Be3 43. Bd4 Rd8+ 44. Ke4 Bxd4 45. Rxd4 Ra8 46. Ra4 Kg6 47. b4 h3 48. gxh3 gxh3 49. b5 h2 50. Ra1 Kf7 51. Rh1 1-0

[Event "Late-Titled-Tuesday-Blitz-January-30-2024"]
[Site "Chess.com"]
[Date "2024.01.30"]
[Round "4"]
[White "PetrolulSah"]
[Black "Inepton_Fermion"]
[Result "0-1"]
[WhiteElo "2199"]
[BlackElo "2412"]
[TimeControl "180+1"]
[EndTime "14:39:04 PST"]
[Termination "Inepton_Fermion won on time"]

1. d4 g6 2. c4 Bg7 3. Nc3 c5 4. d5 Bxc3+ 5. bxc3 e5 6. h4 h6 7. e4 d6 8. f4 exf4 9. Bxf4 Qe7 10. Bd3 Nf6 11.
Qe2 Bg4 12. Nf3 Nbd7 13. O-O Nh5 14. Bh2 O-O-O 15. Rab1 Rde8 16. a4 f5 17. Qb2 b6 18.
exf5 gxf5 19. a5 f4 20. Qb5 Qd8 21. Qa6+ Kb8 22. Bg6 Ref8 23. axb6 Nxb6 24. Ra1 Qc7 25. Rfe1 Ng3 26. Nd2 Bc8 27. Qa2 Rhg8 28. h5 Bf5 29. Bxf5 Rxf5 30. Bxg3 Rxg3 31. Ne4 Rg8 32. Nxd6 Rfg5 33.
Re2 f3 34. Rf2 Rxg2+ 35. Rxg2 Rxg2+ 36. Qxg2 fxg2 37. Nb5 Qf7 38. Nxa7 Qf3 39. Nc6+ Kc7 40. Re1 Qxc3 41. Re7+ Nd7 0-1

[Event "Late-Titled-Tuesday-Blitz-January-30-2024"]
[Site "Chess.com"]
[Date "2024.01.30"]
[Round "4"]
[White "picturesquecheck"]
[Black "Nf3c5"]
[Result "1-0"]
[WhiteElo "2361"]
[BlackElo "2516"]
[TimeControl "180+1"]
[EndTime "14:39:05 PST"]
[Termination "picturesquecheck won on time"]

1. e4 c5 2. Nf3 Nc6 3. Bb5 Na5 4. O-O a6 5. Be2 e6 6. c3 Nc6 7. d4 d5 8. exd5 exd5 9. Re1 Be7 10. dxc5 Nf6 11. b4 O-O 12. a3 Ne4 13. Bb2 Bf6 14. Qc2 Bf5 15. Bd3 Bg4 16. Nbd2 Nxd2 17. Nxd2 g6 18. h3 Be6 19. Nf3 a5 20. Rad1 Bg7 21. b5 Ne7 22. c4 Qc7 23. Bxg7 Kxg7 24. Qb2+ Kg8 25. cxd5 Nxd5 26. Nd4 Bd7 27. c6 bxc6 28. bxc6 Bc8 29. Qb3 Nf6 30. Bc4 Rb8 31. Qa2 Kg7 32. Re2 Qb6 33. Red2 Qc5 34. Rc2 Bf5 35. Nxf5+ Qxf5 36. Bd3 Qe5 37. Rdc1 Qc7 38. Rc5 Rbd8 39. Bf1 Rd6 40. Qc2 Rfd8 41. Qc3 Rd2 42. Qxa5 Qf4 43. f3 Qe3+ 44. Kh1 Nh5 45. Qc3+ Qxc3 46. R5xc3 Ng3+ 47. Kh2 Nxf1+ 48. Rxf1 Ra2 49. c7 Rdd2 50. Rg1 1-0

[Event "Late-Titled-Tuesday-Blitz-January-30-2024"]
[Site "Chess.com"]
[Date "2024.01.30"]
[Round "4"]
[White "dzilleruelo"]
[Black "Chesstrainer1"]
[Result "1/2-1/2"]
[WhiteElo "2332"]
[BlackElo "2506"]
[TimeControl "180+1"]
[EndTime "14:39:05 PST"]
[Termination "Game drawn by repetition"]

1. e4 c5 2. Nf3 d6 3. d4 cxd4 4. Qxd4 Nf6 5. Be2 Nc6 6. Qe3 g6 7. h3 Bg7 8. O-O O-O 9. Rd1 Be6 10. Nc3 Nd7 11. Bd2 a6 12. Rac1 b5 13. a3 Qb6 14.
Rb1 Rac8 15. Nd5 Bxd5 16. exd5 Nce5 17. Nxe5 Qxe3 18. Bxe3 Nxe5 19. c3 Nc4 20. Bd4 Bxd4 21. Rxd4 Nb6 22. Kf1 Rc5 23. Rbd1 h5 24. Ke1 Nc4 25. Rb1 Kg7 26. Kd1 Nb6 27. Bf3 Rfc8 28.
Kc2 Rc4 29. Rbd1 f5 30. h4 Kf6 31. Kb3 Na4 32. Rxc4 Rxc4 33. Re1 Rxh4 34. Kc2 Rf4 35. Re3 h4 36. g3 hxg3 37. fxg3 Rxf3 38. Rxf3 Nb6 39. Rd3 Ke5 40. Re3+ Kf6 41. Rd3 g5 42. b3 Ke5 43. Re3+ Kf6 44. Rd3 g4 45. Kd2 Ke5 46. Re3+ Kf6 47. Rd3 Ke5 48. Re3+ Kf6 49. Rd3 1/2-1/2

[Event "Late-Titled-Tuesday-Blitz-January-30-2024"]
[Site "Chess.com"]
[Date "2024.01.30"]
[Round "4"]
[White "DenLaz"]
[Black "Elsa167"]
[Result "1-0"]
[WhiteElo "3049"]
[BlackElo "2866"]
[TimeControl "180+1"]
[EndTime "14:39:06 PST"]
[Termination "DenLaz won by checkmate"]

1. d4 Nf6 2. c4 g6 3. g3 Bg7 4. Bg2 O-O 5. Nc3 d6 6. Nf3 Nbd7 7. O-O e5 8. e4 exd4 9. Nxd4 Re8 10. h3 Nc5 11. Re1 h6 12. f3 c6 13. Be3 a5 14.
Qd2 h5 15. Rad1 a4 16. Nxc6 Ncxe4 17. fxe4 bxc6 18. Qxd6 Qa5 19. Qxc6 Bd7 20. Qc5 Qxc5 21. Bxc5 Rac8 22. Bd4 Be6 23. b3 axb3 24. axb3 Rb8 25. Nb5 Nd7 26. Bxg7 Kxg7 27. Re3 Nc5 28. Rd4 Rec8 29.
Bf1 Bd7 30. b4 Bxb5 31. cxb5 Ne6 32. Rd7 Rc1 33. Kf2 Ra8 34. b6 Rb8 35. b7 Rb1 36. b5 Nc5 37. Rc7 Nxb7 38. e5 Nd8 39.
e6 Nxe6 40. Rxe6 Ra8 41. Ree7 Ra2+ 42. Be2 Rbb2 43. Rxf7+ Kh6 44. Rfe7 h4 45. gxh4 g5 46. Rc6# 1-0

[Event "Late-Titled-Tuesday-Blitz-January-30-2024"]
[Site "Chess.com"]
[Date "2024.01.30"]
[Round "4"]
[White "rasmussvane"]
[Black "oskariot"]
[Result "1-0"]
[WhiteElo "2966"]
[BlackElo "2753"]
[TimeControl "180+1"]
[EndTime "14:39:07 PST"]
[Termination "rasmussvane won on time"]

1. Nf3 c5 2. c4 Nf6 3. Nc3 Nc6 4. e3 d6 5. d4 Bg4 6. Be2 g6 7. d5 Bxf3 8. Bxf3 Ne5 9. Be2 Bg7 10. O-O O-O 11. e4 Ne8 12. Be3 Nc7 13. Qd2 e6 14. Rad1 exd5 15. exd5 f5 16. h3 Rb8 17. f4 Nf7 18. Rfe1 Re8 19. Bf2 Qf6 20. Bd3 Rxe1+ 21.
Rxe1 Re8 22. Rxe8+ Nxe8 23. Qd1 Qe7 24. Bf1 Bxc3 25.
bxc3 Nf6 26. Bd3 Ne4 27. Qe1 h6 28. g4 Kh7 29. Kh2 Qf6 30. gxf5 gxf5 31. Bxe4 fxe4 32. Qxe4+ Kg7 33. Be1 h5 34. Kg3 Nh6 35. Kf3 Nf5 36. a4 Qf7 37. a5 Kf6 38. Bf2 Qe7 39. Qb1 Qg7 40. Qb5 Qe7 41. a6 bxa6 42. Qxa6 h4 43. Qc8 Qf7 44. Qd8+ Kg6 45. Bxh4 Nh6 46. Qxd6+ Kh5 47.
Bg5 1-0

[Event "Late-Titled-Tuesday-Blitz-January-30-2024"]
[Site "Chess.com"]
[Date "2024.01.30"]
[Round "4"]
[White "RaulPerezGuerra"]
[Black "Chempiblinka"]
[Result "0-1"]
[WhiteElo "2445"]
[BlackElo "2310"]
[TimeControl "180+1"]
[EndTime "14:39:07 PST"]
[Termination "Chempiblinka won on time"]

1. b3 Nf6 2. Bb2 g6 3. c4 Bg7 4.
Nf3 O-O 5. e3 c5 6. Be2 d5 7.
cxd5 Nxd5 8. Bxg7 Kxg7 9. Qc1 b6 10. O-O e6 11. Nc3 Bb7 12. d4 Nd7 13. Rd1 Qf6 14. Qb2 Nxc3 15. Qxc3 Rac8 16. Rac1 Rfd8 17. dxc5 Qxc3 18. Rxc3 Nxc5 19. Rxd8 Rxd8 20. b4 Ne4 21. Rc7 Bd5 22. Rxa7 Nc3 23. Bf1 Bxa2 24. g3 Rd1 25. Kg2 Bd5 26. b5 Ne4 27. Be2 Rb1 28. Ra6 Nc3 29. Bd3 Rd1 30. Bc2 Rd2 31. Bb3 Ne4 32.
Bxd5 Rxf2+ 33. Kg1 exd5 34. Nd4 Rb2 35. Rxb6 Nd2 36.
Rb8 Nc4 37. h4 Nxe3 38. b6 Rb1+ 39. Kf2 Ng4+ 40. Kf3 Ne5+ 41. Kf4 f6 42. b7 Nd7 43.
Re8 Rxb7 44. Re7+ Kf8 45. Rxh7 Ne5 0-1

[Event "Late-Titled-Tuesday-Blitz-January-30-2024"]
[Site "Chess.com"]
[Date "2024.01.30"]
[Round "4"]
[White "Herman-NY"]
[Black "Ali_rastbod"]
[Result "0-1"]
[WhiteElo "2491"]
[BlackElo "2690"]
[TimeControl "180+1"]
[EndTime "14:39:08 PST"]
[Termination "Ali_rastbod won by resignation"]

1. e4 c5 2. Nf3 g6 3. d4 cxd4 4. Nxd4 Nf6 5. Nc3 Nc6 6. Be3 Bg7 7. Nb3 O-O 8. Qd2 d6 9. f3 Be6 10. O-O-O Rc8 11. Kb1 Ne5 12. Nd4 Bc4 13. b3 Bxf1 14. Rhxf1 d5 15. f4 Neg4 16. e5 Nxe3 17. Qxe3 Ng4 18.
Qd3 Qa5 19. Nce2 Nxh2 20. Rh1 Ng4 21. Qh3 h5 22. Qf3 e6 23. Rd3 Rc5 24. Ng3 Rfc8 25.
Nxh5 gxh5 26. Rxh5 Rc3 27. Rg5 Rxd3 28. Qxd3 Qe1+ 29.
Kb2 Qh4 30. Nf3 Qh7 31. Qxh7+ Kxh7 32. Rxg4 Bh6 33. g3 b5 34. c3 Bf8 35. a3 a5 36.
b4 axb4 37. axb4 Rc4 38. Ng5+ Kg6 39. Nf3+ Kf5 40. Rg8 Bh6 41. Nd2 Rc7 42. Rh8 Bg7 43.
Rh4 f6 44. exf6 Bxf6 45. Nb1 d4 46. cxd4 Bxh4 47. Kb3 Bxg3 0-1

[Event "Late-Titled-Tuesday-Blitz-January-30-2024"]
[Site "Chess.com"]
[Date "2024.01.30"]
[Round "4"]
[White "FabianoCaruana"]
[Black "GothamChess"]
[Result "1-0"]
[WhiteElo "3047"]
[BlackElo "2748"]
[TimeControl "180+1"]
[EndTime "14:39:10 PST"]
[Termination "FabianoCaruana won on time"]

1. e4 d5 2. exd5 Qxd5 3. Nc3 Qa5 4. d4 Nf6 5. Nf3 Bf5 6. Nh4 Bg6 7. Be2 e6 8. O-O Nc6 9. Bf3 Bd6 10. g3 O-O 11. Nxg6 hxg6 12. Ne2 Rad8 13. c3 Qf5 14. Bg2 e5 15. dxe5 Nxe5 16. Nd4 Qc8 17. Qc2 a6 18. Bg5 c6 19. Rad1 Bc7 20. h3 Bb6 21. Qb3 Bc7 22. Qc2 Bb6 23. Rd2 Rd7 24. Rfd1 Rfd8 25. b3 Re8 26. Bf4 Bc7 27. Ne2 Rde7 28. Bg5 Rd7 29.
Rxd7 Nexd7 30. Nd4 Nf8 31. Bd2 Bb6 32. Be3 Nd5 33. Bxd5 cxd5 34. Kg2 Nd7 35. a4 Nf6 36. Qd3 Ne4 37. Rc1 Qd8 38. Nc2 Nf6 39. Rd1 Qc7 40. Bd4 Rc8 41. Bxf6 gxf6 42. Nb4 Qxc3 43. Nxd5 Qxd3 44.
Rxd3 Bd8 45. Ne3 Be7 46. Rd7 Bc5 47. Nd5 Kg7 48. Rxb7 Rd8 49. Nf4 1-0

[Event "Late-Titled-Tuesday-Blitz-January-30-2024"]
[Site "Chess.com"]
[Date "2024.01.30"]
[Round "4"]
[White "ContrVersia"]
[Black "sotochess"]
[Result "1-0"]
[WhiteElo "2842"]
[BlackElo "2569"]
[TimeControl "180+1"]
[EndTime "14:39:10 PST"]
[Termination "ContrVersia won by resignation"]

1. Nf3 Nf6 2. c4 c6 3. g3 d5 4.
Bg2 Bf5 5. Qb3 Qb6 6. d3 e6 7.
O-O Nbd7 8. cxd5 cxd5 9. Qxb6 axb6 10. Nd4 Bg6 11. Nb5 Ra5 12. N1c3 Bb4 13. Be3 O-O 14. a3 Be7 15. h3 Raa8 16. f4 Bc5 17. Kf2 Rac8 18. Rac1 Rfd8 19. b4 Bf8 20. Bd4 Rc6 21. Ke3 h5 22. Kd2 Ra8 23. e4 dxe4 24. dxe4 Rc4 25.
e5 Ne8 26. Bxb7 Rxa3 27. Nxa3 Rxd4+ 28. Ke3 Rxb4 29. Rfd1 Nc5 30. Rd8 f6 31. Bc6 Nc7 32. exf6 gxf6 33. Nab5 N7a6 34. Rcd1 Kg7 35. Be8 Bc2 36.
R1d2 Bf5 37. Bxh5 Bxh3 38. Ra8 e5 39. Ra7+ Kh6 40. Be2 exf4+ 41. gxf4 Kg6 42. Rd8 Bh6 43. Rg8+ Kf5 44. Nd4+ Rxd4 45. Kxd4 Bxf4 46. Bxa6 Be5+ 47. Kd5 Kf4 48. Ne2+ Ke3 49. Kc6 Be6 50. Re8 Bd7+ 51. Rxd7 Nxd7 52. Kxd7 1-0